 Dungeon Crawl Stone Soup version 0.30-a0-1075-gcd70e7a56d (webtiles) character file.

Game seed: 14452551258281914004

4916 Maxmaps the Prestidigitator (level 10, -6/70 HPs)
             Began as a Demonspawn Monk on Apr 15, 2023.
             Was an Initiate of Gozag.
             Mangled by a polar bear (15 damage)
             ... on level 8 of the Dungeon.
             The game lasted 00:15:15 (7265 turns).

Maxmaps the Prestidigitator (Demonspawn Monk)       Turns: 7265, Time: 00:15:16

Health: -6/70      AC: 20    Str: 11    XL:     10   Next: 27%
Magic:  10/10      EV: 11    Int: 17    God:    Gozag
Gold:   691        SH:  9    Dex: 15    Spells: 9/9 levels left

rFire   . . .      SeeInvis +    B - +5 scimitar (freeze)
rCold   + . .      Faith    .    c - orb {light}
rNeg    . . .      Spirit   .    v - +2 ring mail {rC+}
rPois   .          Reflect  +    r - +0 helmet
rElec   .          Rampage  .    t - +0 cloak
rCorr   .                        s - +1 Delatra's gloves {ID++}
Will    .....                    p - +0 pair of boots
Stlth   +                        e - amulet of reflection
HPRegen 0.31/turn                h - ring of see invisible
MPRegen 0.12/turn                (no ring)

@: glowing
A: yellow scales 1, icemail 1, condensation shield, demonic touch 1
a: Renounce Religion, Potion Petition, Call Merchant, Bribe Branch


You were on level 8 of the Dungeon.
You worshipped Gozag.
Gozag was pleased with you.
You visited 2 branches of the dungeon, and saw 9 of its levels.

You collected 691 gold pieces.

Inventory:

Hand Weapons
 b - a +0 dagger of venom
 B - a +5 scimitar of freezing (weapon)
Missiles
 y - 3 throwing nets (quivered)
Armour
 c - an orb of light (worn)
 p - a +0 pair of boots (worn)
 r - a +0 helmet (worn)
 s - the +1 Delatra's gloves (worn) {ID++}
   (You found it on level 3 of the Dungeon)

   ID++:      It heals its wearer when they drink unknown potions, and restores
   their MP when they read unknown scrolls.
 t - a +0 cloak (worn)
 v - a +2 ring mail of cold resistance (worn)
Jewellery
 e - an amulet of reflection (around neck)
 h - a ring of see invisible (left hand)
 l - a ring of flight
 I - a ring of magical power
Wands
 n - a wand of light (6)
 q - a wand of mindburst (20)
Scrolls
 a - 3 scrolls of teleportation
 d - a scroll of enchant weapon {unknown}
 f - 4 scrolls of noise
 g - 2 scrolls of vulnerability
 j - 2 scrolls of identify
 x - a scroll of silence {unknown}
 C - 3 scrolls of magic mapping
 D - a scroll of blinking
 E - 3 scrolls of poison {unknown}
 F - a scroll of summoning
Potions
 i - 3 potions of curing
 k - 2 potions of berserk rage
 m - 2 potions of might
 o - 2 potions of haste
 u - a potion of cancellation
 w - 2 potions of mutation {unknown}
 z - a potion of degeneration {unknown}
 A - 3 potions of brilliance {unknown}
 G - a potion of flight {unknown}
 H - a potion of resistance {unknown}


   Skills:
 - Level 3.0 Fighting
 - Level 9.0 Short Blades
 - Level 5.2 Armour
 - Level 2.6 Dodging
 - Level 1.7 Stealth
 - Level 3.0 Unarmed Combat
 + Level 9.8 Evocations


You had 9 spell levels left.
You didn't know any spells.
Your spell library contained the following spells:

 Spells                   Type           Power      Damage    Failure   Level
 Kiss of Death            Conj/Necr      0%         2d5       45%         1
 Sandblast                Erth           0%         2d4       45%         1
 Passwall                 Tmut/Erth      0%         N/A       61%         2
 Poisonous Vapours        Pois/Air       0%         N/A       61%         2
 Confusing Touch          Hex            0%         N/A       83%         3
 Dazzling Flash           Conj/Hex       0%         N/A       83%         3
 Mephitic Cloud           Conj/Pois/Air  0%         N/A       83%         3
 Stone Arrow              Conj/Erth      0%         3d7       83%         3
 Summon Guardian Golem    Hex/Summ       0%         N/A       83%         3
 Dispel Undead            Necr           0%         3d6       99%         4
 Agony                    Necr           0%         N/A       100%        5
 Freezing Cloud           Conj/Ice/Air   0%         6-21      100%        5
 Silence                  Hex/Air        0%         N/A       100%        5
 Orb of Destruction       Conj           0%         9d5       100%        7
 Spellforged Servitor     Conj/Summ      0%         N/A       100%        7


Dungeon Overview and Level Annotations

Branches:
Dungeon (8/15)             Temple (1/1) D:6            Lair (0/5) D:8

Altars:
Ashenzari
Cheibriados
Dithmenos
Fedhas
Gozag
Hepliaklqana
Kikubaaqudgha
Makhleb
Nemelex Xobeh
Okawaru
Qazlal
Ru
Sif Muna
Trog
Uskayaw
Vehumet
Wu Jian
Xom
Yredelemnul

Shops:
D:2 [   D:6 (

Annotations:
D:6 Menkaure


Innate Abilities, Weirdness & Mutations

You are partially covered in yellow scales. (AC +2)
A meltable icy envelope protects you from harm. (AC +4)
A meltable shield of frost defends you. (SH +4)
Your touch may inflict minor irresistible damage on your foes.


Message History

The polar bear claws you but does no damage.
You barely miss the polar bear.
The polar bear is moderately wounded.
The polar bear bites you!
The polar bear claws you but does no damage. x2
You slash the polar bear! You freeze the polar bear.
The polar bear is heavily wounded.
The polar bear bites you but does no damage.
The polar bear claws you but does no damage. x2
You slice the polar bear!!
The polar bear is almost dead.
An orc comes into view. It is wielding a +0 hand axe.
The polar bear goes berserk!
The orc shouts!
You hit the polar bear.
The polar bear is almost dead.
The polar bear bites you!
* * * LOW HITPOINT WARNING * * *
The polar bear claws you but does no damage. x2
You block the polar bear's attack. x2; The polar bear claws you.
* * * LOW HITPOINT WARNING * * *
You hit the polar bear but do no damage.
The polar bear is almost dead.
The polar bear bites you but does no damage.
You block the polar bear's attack.
The polar bear claws you but does no damage.
The polar bear completely misses you. You block the polar bear's attack.
The polar bear claws you but does no damage.
You barely miss the polar bear.
The polar bear is almost dead.
The polar bear closely misses you.
The polar bear claws you but does no damage. x2
You hit the polar bear but do no damage.
The polar bear is almost dead.
The polar bear bites you but does no damage.
The polar bear claws you.
* * * LOW HITPOINT WARNING * * *
The polar bear closely misses you. The polar bear bites you!
You die...
Your body crumbles into a pile of gold.

.# #.#.#..#######.#.)...
..# #.#.#..# #.#.)...
.....##.#....#######.#.))..
.....#..##.....(..##.#.....
.....#...........##....#..
.##.[..~#..................
$
......o#...######.........
#.#....##.# #.........
#.....h@.# #.........
##....##.....##.........
#.....#..###..#.........
k..........## ##########
...#.....### .........#
...#...... ....#...#.
$..........


You could see a polar bear (berserk) and an orc.

Vanquished Creatures
  Joseph (D:7)
  A rime drake (D:8)
  A polar bear (D:8)
  Grinder (D:4)
  A wyvern (D:8)
  A shadow (D:6)
  A steam dragon (D:7)
  2 water moccasins
  Edmund (D:4)
  Duvessa (D:5)
  2 black bears
  An ice beast (D:6)
  3 ogres
  2 wolves (D:8)
  2 centaurs (D:5)
  Blork the orc (D:4)
  A bullfrog (D:7)
  A phantom (D:6)
  3 kobold brigands
  A gnoll sergeant (D:6)
  6 scorpions
  4 wights
  Dowan (D:5)
  4 killer bees (D:8)
  2 howler monkeys (D:7)
  A jelly (D:6)
  An orc priest (D:4)
  Crazy Yiuf (D:3)
  A gnoll bouda (D:6)
  6 hounds
  Jessica (D:2)
  Terence (D:2)
  3 sleepcaps
  Natasha (twice) (D:2)
  2 iguanas
  2 orc wizards
  Robin (D:3)
  10 gnolls
  7 adders
  2 shadow imps
  3 white imps
  2 ufetubi
  5 worms
  2 dart slugs
  15 orcs
  7 bats
  10 endoplasms
  6 giant cockroaches
  16 goblins
  9 hobgoblins
  9 jackals
  16 kobolds
  3 quokkas
  7 ball pythons
  5 frilled lizards
  3 rats
204 creatures vanquished.

Vanquished Creatures (others)
  A goblin (D:3)
  A kobold (D:7)
  2 plants (D:1)
4 creatures vanquished.

Grand Total: 208 creatures vanquished

Notes
Turn   | Place    | Note
-------+----------+-------------------------------------------
     0 | D:1      | Maxmaps the Demonspawn Monk began the quest for the Orb.
     0 | D:1      | Reached XP level 1. HP: 18/18 MP: 1/1
   252 | D:1      | Found a faded altar of an unknown god.
   304 | D:1      | Gained mutation: A meltable shield of frost defends you.
                  | (SH +4) [demonic ancestry]
   304 | D:1      | Reached XP level 2. HP: 16/24 MP: 2/2
   479 | D:1      | Reached skill level 1 in Armour
  1136 | D:2      | Reached XP level 3. HP: 27/29 MP: 3/3
  1733 | D:2      | Noticed Terence
  1769 | D:2      | Killed Terence
  1770 | D:2      | Gained mutation: A meltable icy envelope protects you from
                  | harm. (AC +4) [demonic ancestry]
  1770 | D:2      | Reached XP level 4. HP: 21/35 MP: 4/4
  1852 | D:2      | Noticed Natasha
  1864 | D:2      | Killed Natasha
  2055 | D:2      | Found Gesi's Armour Boutique.
  2088 | D:2      | Noticed Natasha
  2110 | D:2      | HP: 1/35 [cerulean imp/+2 spear[Natasha] (2)]
  2118 | D:2      | Killed Natasha
  2119 | D:2      | Gained mutation: You are partially covered in yellow
                  | scales. (AC +2) [demonic ancestry]
  2119 | D:2      | Reached XP level 5. HP: 41/41 MP: 5/5
  2141 | D:2      | Noticed Jessica
  2159 | D:2      | Killed Jessica
  2309 | D:3      | Found a burning altar of Makhleb.
  2309 | D:3      | Found a blossoming altar of Fedhas.
  2433 | D:3      | Noticed Robin
  2466 | D:3      | Killed Robin
  2763 | D:3      | Reached skill level 5 in Armour
  2771 | D:3      | Found the +1 Delatra's gloves {ID++}
  3001 | D:3      | Found a runed translucent door.
  3002 | D:3      | Noticed Crazy Yiuf
  3123 | D:3      | Killed Crazy Yiuf
  3124 | D:3      | Gained mutation: Your touch may inflict minor irresistible
                  | damage on your foes. [demonic ancestry]
  3124 | D:3      | Reached XP level 6. HP: 47/47 MP: 6/6
  3168 | D:4      | Reached skill level 1 in Short Blades
  3171 | D:4      | Noticed Grinder
  3182 | D:4      | Paralysed by Grinder for 3 turns
  3199 | D:4      | Killed Grinder
  3200 | D:4      | Reached XP level 7. HP: 5/52 MP: 7/7
  3370 | D:4      | Noticed Edmund
  3392 | D:4      | Killed Edmund
  3525 | D:4      | Reached skill level 5 in Short Blades
  3604 | D:4      | Noticed Blork the orc
  3618 | D:4      | Killed Blork the orc
  3992 | D:5      | Entered Level 5 of the Dungeon
  4018 | D:5      | Reached XP level 8. HP: 58/58 MP: 8/8
  4128 | D:5      | Noticed Dowan
  4129 | D:5      | Noticed Duvessa
  4148 | D:5      | Killed Dowan
  4157 | D:5      | Killed Duvessa
  4443 | D:5      | Found an ancient bone altar of Kikubaaqudgha.
  4533 | D:5      | Found a radiant altar of Vehumet.
  5027 | D:6      | Noticed Menkaure
  5040 | D:6      | Reached skill level 1 in Evocations
  5156 | D:6      | Reached XP level 9. HP: 61/63 MP: 9/9
  5436 | D:6      | Reached skill level 5 in Evocations
  5994 | D:6      | Found Ipab's Antique Weapon Shoppe.
  6048 | D:6      | Found a staircase to the Ecumenical Temple.
  6057 | Temple   | Entered the Ecumenical Temple
  6057 | Temple   | Found a transporter.
  6057 | Temple   | Found a transporter.
  6059 | Temple   | Found a transporter.
  6059 | Temple   | Found a transporter.
  6075 | Temple   | Became a worshipper of Gozag Ym Sagoz the Greedy
  6263 | D:7      | Noticed Joseph
  6275 | D:7      | Killed Joseph
  6606 | D:7      | Found a shimmering blue altar of Sif Muna.
  6628 | D:7      | Reached XP level 10. HP: 70/70 MP: 10/10
  7232 | D:8      | Found a staircase to the Lair.
  7265 | D:8      | Mangled by a polar bear

Illustrated notes

Levels and vault maps discovered:
D:1:      wander_arrival_desolate, layout_basic,
          shapermc_ecumenical_altar_mp_urbaneastern, minmay_statues_item
D:2:      layout_basic, serial_shops, shop_coins, kennysheep_jessica_study,
          uniq_natasha, uniq_terence
D:3:      layout_basic, grunt_temple_overflow_open, uniq_robin,
          uniq_crazy_yiuf_cottage
D:4:      layout_cave_pools, hangedman_minor_gate_pass, uniq_grinder,
          uniq_blork_the_orc, uniq_edmund
D:5:      layout_basic, nicolae_vehumet_radiance,
          nicolae_kikubaaqudgha_miasma_corner, kennysheep_generic_room_11,
          uniq_duvessa
D:6:      minmay_recursive_quarters, layout_loops_ring,
          minmay_temple_entry_enclosed_plants, serial_shops,
          nicolae_shop_hallway_plus, grunt_decor_junction, uniq_menkaure
D:7:      layout_basic, lemuel_doored_altar, hex_large, uniq_joseph
D:8:      layout_basic, hellmonk_lair_entry_icy
Temple:   hellmonk_temple_divided_pantheon

Skill      XL: |  1  2  3  4  5  6  7  8  9 10 |
---------------+-------------------------------+-----
Unarmed Combat | 3 |  3.0
Armour         | 2 3 4 5 |  5.2
Short Blades   | 3 6 9 |  9.0
Evocations     | 1 8 9 |  9.8
Fighting       | |  3.0
Dodging        | |  2.6
Stealth        | |  1.7

Action                     |  1- 3 |  4- 6 |  7- 9 | 10-12 || total
---------------------------+-------+-------+-------+-------++-------
  Melee: Unarmed           |   178 |    64 |       |       ||   242
         Dagger            |       |   126 |   390 |       ||   516
         Scimitar          |       |       |   126 |    63 ||   189
  Evoke: Wand              |       |       |     3 |       ||     3
    Use: Potion            |     1 |     3 |     2 |       ||     6
         Scroll            |       |       |    10 |       ||    10
   Stab: Invisible         |       |       |     1 |       ||     1
 Armour: Robe              |    16 |       |       |       ||    16
         Leather armour    |     5 |       |       |       ||     5
         Ring mail         |     1 |       |   161 |    54 ||   216
         Scale mail        |       |   104 |    44 |       ||   148
  Dodge: Dodged            |    96 |    69 |   178 |    43 ||   386
  Block: Orb               |    35 |    94 |   218 |    38 ||   385
         Reflection        |       |     2 |     7 |       ||     9

Table legend: (Time is in decaauts)
 A = Elapsed time spent in this place.
 B = Non-inter-level travel time spent in this place.
 C = Inter-level travel time spent in this place.
 D = Time resting spent in this place.
 E = Time spent auto-exploring this place.
 F = Levels seen in this place.
 G = Mean time per level.
                   A        B        C        D        E       F      G
               +--------+--------+--------+--------+--------+-----+--------+
         Total |   7143 |   6844 |    299 |    542 |   4709 |   9 |  793.7 |
       Dungeon |   7086 |   6787 |    299 |    542 |   4703 |   8 |  885.8 |
        Temple |     56 |     56 |      0 |      0 |      6 |   1 |   56.0 |
               +--------+--------+--------+--------+--------+-----+--------+

Top non-repeatable levels by time:
     D:6: 1219 daAuts
     D:2: 1204 daAuts
     D:1: 1085 daAuts
     D:3: 1001 daAuts
     D:5: 804 daAuts
     D:7: 794 daAuts
     D:4: 666 daAuts
     D:8: 310 daAuts
  Temple: 56 daAuts
